 Dungeon Crawl Stone Soup version 0.27.1-33-g824d729ab1 (webtiles) character file.

Game seed: 17072258562874944367

945 jlumianski the Ducker (level 8, -6/67 HPs)
             Began as a Gnoll Monk on Dec 24, 2021.
             Mangled by Pikel (18 damage)
             ... on level 4 of the Dungeon.
             The game lasted 00:18:22 (4906 turns).

jlumianski the Ducker (Gnoll Monk)                  Turns: 4906, Time: 00:18:22

Health: -6/67      AC:  6    Str: 12    XL:     8   Next: 13%
Magic:  12/12      EV: 15    Int: 10    God:
Gold:   269        SH:  0    Dex: 15    Spells: 13/13 levels left

rFire    . . .     SeeInvis .   y - +1 hand axe (vorpal)
rCold    . . .     Faith    .   (no shield)
rNeg     . . .     Spirit   .   q - +0 scale mail
rPois    .         Reflect  .   (no helmet)
rElec    .         Harm     .   (no cloak)
rCorr    .         Rampage  .   (no gloves)
Will     .....                  (no boots)
Stlth    ++........             (no amulet)
HPRegen  0.21/turn              u - +4 ring of evasion
MPRegen  0.13/turn              (no ring)

@: no status effects
A: fangs 1, strong nose, distributed training
a: no special abilities


You were on level 4 of the Dungeon.
You visited 1 branch of the dungeon, and saw 5 of its levels.

You collected 269 gold pieces.

Inventory:

Hand Weapons
 a - a +0 hand axe of protection
 h - a +2 flail of holy wrath
 n - a +0 hunting sling
 v - a +0 fustibalus
 y - a +1 vorpal hand axe (weapon)
Missiles
 c - 75 stones
 d - 32 bolts
 e - 9 poisoned darts (quivered)
 f - 43 sling bullets
 m - 35 arrows
 t - 5 boomerangs
Armour
 b - a +0 robe
 j - a +0 ring mail
 k - a +0 leather armour
 q - a +0 scale mail (worn)
Jewellery
 u - a +4 ring of evasion (left hand)
Wands
 r - a wand of mindburst (5)
Scrolls
 o - 2 scrolls of teleportation
 p - 2 scrolls of magic mapping
 x - 2 scrolls of amnesia {unknown}
Potions
 i - a potion of resistance
 l - 2 potions of ambrosia
 s - a potion of attraction
 w - a potion of might {unknown}


   Skills:
 + Level 7.2 Fighting
 + Level 3.0 Short Blades
 + Level 3.0 Long Blades
 + Level 7.2 Axes
 + Level 3.0 Maces & Flails
 + Level 3.0 Polearms
 + Level 3.0 Staves
 + Level 3.0 Slings
 + Level 3.0 Bows
 + Level 3.0 Crossbows
 + Level 3.0 Throwing
 + Level 3.0 Armour
 + Level 7.2 Dodging
 + Level 5.2 Stealth
 + Level 3.0 Shields
 + Level 3.0 Unarmed Combat
 + Level 3.0 Spellcasting
 + Level 2.4 Conjurations
 + Level 2.4 Hexes
 + Level 2.4 Summonings
 + Level 2.4 Necromancy
 + Level 2.4 Translocations
 + Level 2.4 Transmutations
 + Level 2.4 Fire Magic
 + Level 2.4 Ice Magic
 + Level 2.4 Air Magic
 + Level 2.4 Earth Magic
 + Level 2.4 Poison Magic
 + Level 3.3 Invocations
 + Level 3.0 Evocations


You had 13 spell levels left.
You didn't know any spells.
Your spell library contained the following spells:

 Spells                   Type           Power      Damage    Failure   Level
 Freeze                   Ice            24%        1d5       45%         1
 Static Discharge         Conj/Air       6%         N/A       61%         2
 Frozen Ramparts          Ice            12%        1d3       83%         3
 Hailstorm                Conj/Ice       6%         3d4       99%         4
 Lightning Bolt           Conj/Air       3%         1d14      100%        5
 Maxwell's Capacitive Co  Air            3%         ∞         100%        8


Dungeon Overview and Level Annotations

Branches:
Dungeon (5/15)
 Temple: D:4-7

Altars:
Ru

Annotations:
D:4 Pikel
D:5 Sigmund


Innate Abilities, Weirdness & Mutations

You have very sharp teeth.
Your uncanny sense of smell can sniff out nearby items.
Your experience applies equally to all skills.


Message History

Pikel barely misses you.
Aiming: Mindburst
Press: ? - help, Shift-Dir - straight line, f - Pikel
Aim: Pikel, wielding a +1 whip of electrocution and wearing a +0 robe (chance to affect: 77%) Pikel barely resists.
The lemure closely misses you. The lemure hits you. The lemure misses you.
The lemure hits you but does no damage.
Pikel hits you with a +1 whip of electrocution.
You are electrocuted!
Press: ? - help, v - describe, . - travel
Here: Pikel, wielding a +1 whip of electrocution and wearing a +0 robe The floor.
Unknown command.
Aiming: Mindburst
Press: ? - help, Shift-Dir - straight line, f/p - Pikel
Aim: Pikel, wielding a +1 whip of electrocution and wearing a +0 robe (chance to affect: 77%) Pikel's mind is blasted!
The lemure hits you.
* * * LOW HITPOINT WARNING * * *
The lemure closely misses you. The lemure hits you.
* * * LOW HITPOINT WARNING * * *
The lemure completely misses you. Pikel misses you.
You feel better.
The lemure hits you but does no damage. x2
The lemure closely misses you. x2; Pikel completely misses you.
Okay, then.
You hit Pikel but do no damage. You bite Pikel, but do no damage.
Pikel is heavily wounded.
You hit the lemure. x3; You miss the lemure.
The lemure hits you but does no damage. The lemure hits you.
* * * LOW HITPOINT WARNING * * *
The lemure closely misses you. The lemure hits you!
* * * LOW HITPOINT WARNING * * *
You feel better. Pikel closely misses you. The lemure closely misses you.
The lemure misses you. The lemure closely misses you. The lemure misses you.
Aiming: Mindburst
Press: ? - help, Shift-Dir - straight line, f/p - Pikel
Aim: Pikel, wielding a +1 whip of electrocution and wearing a +0 robe (heavily wounded, chance to affect: 77%) Pikel's mind is blasted!!
Pikel hits you with a +1 whip of electrocution.
* * * LOW HITPOINT WARNING * * *
You are electrocuted!!
You die...

#.#.#####.# #.........
#.#.......# #.........
#)<.......# #.........
#.........# #.........
#.........# ##########
#.........# # #.........#
#
#.......5K################
##......5@##.........).†..
#......55##..............
########.##..............
#.##..............
###.##........[.....
#...##..............
#.####.............. #[#
#.............. #.#
#..............


You could see Pikel and 4 lemures.

Vanquished Creatures
  Grinder (D:4)
  An ice beast (D:3)
  A necrophage (D:4)
  2 ogres
  2 scorpions (D:5)
  A hound (D:4)
  An orc priest (D:4)
  A bullfrog skeleton (D:5)
  A centaur skeleton (D:4)
  An orc wizard (D:4)
  2 gnolls (D:2)
  3 adders
  An adder skeleton (D:2)
  A worm (D:4)
  2 dart slugs
  13 orcs
  8 ball pythons
  5 endoplasms
  3 giant cockroaches
  3 goblins
  6 hobgoblins
  4 jackals (D:4)
  6 kobolds
  2 quokkas
  4 bats
  3 frilled lizards (D:2)
  4 rats
82 creatures vanquished.

Notes
Turn   | Place    | Note
-------+----------+-------------------------------------------
     0 | D:1      | jlumianski the Gnoll Monk began the quest for the Orb.
     0 | D:1      | Reached XP level 1. HP: 23/23 MP: 1/1
    72 | D:1      | Reached XP level 2. HP: 24/29 MP: 2/2
   864 | D:2      | Reached XP level 3. HP: 35/35 MP: 3/3
  1204 | D:2      | Reached skill level 1 in Invocations
  1906 | D:2      | Reached skill level 1 in Short Blades
  1906 | D:2      | Reached skill level 1 in Long Blades
  1906 | D:2      | Reached skill level 1 in Maces & Flails
  1906 | D:2      | Reached skill level 1 in Polearms
  1906 | D:2      | Reached skill level 1 in Staves
  1906 | D:2      | Reached skill level 1 in Slings
  1906 | D:2      | Reached skill level 1 in Bows
  1906 | D:2      | Reached skill level 1 in Crossbows
  1906 | D:2      | Reached skill level 1 in Throwing
  1906 | D:2      | Reached skill level 1 in Armour
  1906 | D:2      | Reached skill level 1 in Shields
  1906 | D:2      | Reached skill level 1 in Unarmed Combat
  1906 | D:2      | Reached skill level 1 in Spellcasting
  1906 | D:2      | Reached skill level 1 in Evocations
  1906 | D:2      | Reached XP level 4. HP: 20/41 MP: 5/5
  1932 | D:2      | Found a faded altar of an unknown god.
  2933 | D:3      | Reached skill level 1 in Conjurations
  2933 | D:3      | Reached skill level 1 in Hexes
  2933 | D:3      | Reached skill level 1 in Summonings
  2933 | D:3      | Reached skill level 1 in Necromancy
  2933 | D:3      | Reached skill level 1 in Translocations
  2933 | D:3      | Reached skill level 1 in Transmutations
  2933 | D:3      | Reached skill level 1 in Fire Magic
  2933 | D:3      | Reached skill level 1 in Ice Magic
  2933 | D:3      | Reached skill level 1 in Air Magic
  2933 | D:3      | Reached skill level 1 in Earth Magic
  2933 | D:3      | Reached skill level 1 in Poison Magic
  3063 | D:3      | Noticed an ice beast
  3097 | D:3      | Killed an ice beast
  3098 | D:3      | Reached XP level 5. HP: 19/47 MP: 5/7
  3468 | D:4      | Noticed Grinder
  3494 | D:4      | Paralysed by Grinder for 5 turns
  3502 | D:4      | Killed Grinder
  3503 | D:4      | Reached XP level 6. HP: 48/53 MP: 7/9
  3538 | D:4      | Found a sacrificial altar of Ru.
  3701 | D:4      | Reached XP level 7. HP: 53/60 MP: 10/10
  3757 | D:4      | Noticed Pikel
  4290 | D:4      | Reached skill level 5 in Stealth
  4506 | D:5      | Entered Level 5 of the Dungeon
  4535 | D:5      | Reached XP level 8. HP: 36/67 MP: 12/12
  4844 | D:5      | Noticed Sigmund
  4906 | D:4      | Mangled by Pikel

Illustrated notes

Levels and vault maps discovered:
D:1:      lightli_arrival_chessboard, layout_basic
D:2:      kennysheep_six_static_rooms, layout_basic,
          hellmonk_ecumenical_altar_inner_sanctum
D:3:      layout_basic
D:4:      layout_basic, kennysheep_mini_moat, serial_shops, shop,
          minmay_increasing_density, uniq_pikel, uniq_blork_the_orc,
          uniq_grinder
D:5:      layout_loops_cross, minmay_temple_entry_poolview, serial_glass,
          glass_columns_c, glass_columns_a, chequers_serial_rivers_large_a,
          grunt_ministairs_4, uniq_duvessa, uniq_sigmund, uniq_menkaure

Skill      XL: |  1  2  3  4  5  6  7  8 |
---------------+-------------------------+-----
Invocations    | 1 2 3 |  3.3
Short Blades   | 1 2 3 |  3.0
Long Blades    | 1 2 3 |  3.0
Maces & Flails | 1 2 3 |  3.0
Polearms       | 1 2 3 |  3.0
Staves         | 1 2 3 |  3.0
Slings         | 1 2 3 |  3.0
Bows           | 1 2 3 |  3.0
Crossbows      | 1 2 3 |  3.0
Throwing       | 1 2 3 |  3.0
Armour         | 1 2 3 |  3.0
Shields        | 1 2 3 |  3.0
Unarmed Combat | 1 2 3 |  3.0
Spellcasting   | 1 2 3 |  3.0
Evocations     | 1 2 3 |  3.0
Conjurations   | 1 2 |  2.4
Hexes          | 1 2 |  2.4
Summonings     | 1 2 |  2.4
Necromancy     | 1 2 |  2.4
Translocations | 1 2 |  2.4
Transmutations | 1 2 |  2.4
Fire Magic     | 1 2 |  2.4
Ice Magic      | 1 2 |  2.4
Air Magic      | 1 2 |  2.4
Earth Magic    | 1 2 |  2.4
Poison Magic   | 1 2 |  2.4
Fighting       | 7 |  7.2
Axes           | 7 |  7.2
Dodging        | 7 |  7.2
Stealth        | 5 |  5.2

Action                   |  1- 3 |  4- 6 |  7- 9 || total
-------------------------+-------+-------+-------++-------
Melee: Hand axe          |    80 |   138 |   138 ||   356
       Bite              |     6 |    15 |    23 ||    44
       Punch             |       |     1 |     1 ||     2
Throw: Stone             |     6 |       |       ||     6
       Dart              |    16 |    17 |     5 ||    38
Evoke: Wand              |       |     2 |     3 ||     5
  Use: Scroll            |     5 |     2 |     1 ||     8
       Potion            |       |       |     2 ||     2
 Stab: Sleeping          |       |     7 |       ||     7
Armor: Robe              |     6 |       |       ||     6
       Leather armour    |     5 |     2 |       ||     7
       Scale mail        |       |    27 |    48 ||    75
       Ring mail         |       |     8 |       ||     8
Dodge: Dodged            |    47 |    88 |   134 ||   269
